 Dungeon Crawl Stone Soup version 0.21-a0-29-g43b3074 (webtiles) character file.

752 kuniqs the Shield-Bearer (level 7, 0/37 HPs)
             Began as a Vine Stalker Fighter on May 26, 2017.
             Was a Follower of Uskayaw.
             Slain by a white imp (1 damage)
             ... summoned by Eustachio
             ... on level 3 of the Dungeon.
             The game lasted 00:04:53 (3448 turns).

kuniqs the Shield-Bearer (Vine Stalker Fighter)     Turns: 3448, Time: 00:04:54

Health: 0/37       AC:  0    Str: 26    XL:     7   Next: 78%
Magic:  0/9        EV: 15    Int:  8    God:    Uskayaw [*.....]
Gold:   165        SH:  0    Dex: 13    Spells: 6/6 levels left

rFire    . . .     SeeInvis .   (weapon currently unavailable)
rCold    . . .     Gourm    .   (shield currently unavailable)
rNeg     . . .     Faith    .   (armour currently unavailable)
rPois    .         Spirit   +   (helmet currently unavailable)
rElec    .         Reflect  .   (cloak currently unavailable)
rCorr    .         Harm     .   (gloves currently unavailable)
MR       .....                  (boots currently unavailable)
Stlth    +.........             (no amulet)
Regen    0.6/turn               (ring currently unavailable)
MPRegen  0.2/turn               (ring currently unavailable)

@: mighty, pig-form (expiring), very quick
A: regeneration 1, magic shield, no potion heal 3, rot immunity
a: Stomp, Renounce Religion


You were on level 3 of the Dungeon.
You worshipped Uskayaw.
Uskayaw was noncommittal.
You were not hungry.
You were a filthy swine.
You visited 2 branches of the dungeon, and saw 5 of its levels.

You collected 165 gold pieces.

Inventory:

Hand Weapons
 a - a +0 rapier (melded)
Armour
 c - a +0 shield (melded)
 k - a +0 chain mail (melded)
 t - a +0 pair of boots (melded)
Scrolls
 b - a scroll of enchant armour {unknown}
 g - a scroll of enchant weapon {unknown}
 h - 2 scrolls of immolation {unknown}
 j - a scroll of magic mapping {unknown}
 l - a scroll of amnesia {unknown}
 m - 5 scrolls of identify {@r1}
 o - a scroll of fog {unknown}
 p - a scroll of recharging {unknown}
 r - 2 scrolls of teleportation {unknown}
 v - a scroll of remove curse {unknown}
 w - a scroll of random uselessness {unknown}
Potions
 i - 2 potions of invisibility {unknown}
 n - 2 potions of cancellation {unknown}
 q - a potion of brilliance {unknown}
 s - a potion of lignification {unknown}
 u - a potion of curing {unknown}
 x - a potion of heal wounds {unknown}
 z - 2 potions of mutation {unknown}
Comestibles
 d - 2 bread rations
 e - 3 meat rations


   Skills:
 + Level 4.1 Fighting
 + Level 3.4 Short Blades
 + Level 4.0 Armour
 + Level 2.6 Dodging
 + Level 4.1 Shields
 + Level 2.2 Invocations


You had 6 spell levels left.
You didn't know any spells.

Dungeon Overview and Level Annotations

Branches:
Dungeon (4/15)             Temple (1/1) D:4

Altars:
Ashenzari
Cheibriados
Elyvilon
Fedhas
Hepliaklqana
Kikubaaqudgha
Makhleb
Okawaru
Qazlal
Ru
Sif Muna
Trog
Uskayaw
Vehumet
Wu Jian
Xom
The Shining One

Annotations:
D:3 Eustachio


Innate Abilities, Weirdness & Mutations

((You have extremely sharp teeth.))
Your natural rate of healing is unusually fast.
When hurt, damage is shared between your health and your magic reserves.
((Your bite disrupts and absorbs the magic of your enemies.))
Potions cannot restore your health.
You are immune to rotting.


Message History

Eustachio misses you.
You hit Eustachio but do no damage. The iron imp barely misses you.
Eustachio barely misses you.
You barely miss Eustachio.
The iron imp disappears in a puff of smoke!
You hit Eustachio but do no damage. Eustachio misses you.
You barely miss Eustachio. The river rat bites you.
* * * LOW HITPOINT WARNING * * *
Eustachio zaps a wand.
You easily resist.
You hit Eustachio. The river rat closely misses you.
Eustachio gestures wildly while chanting.
Eustachio blinks!
You feel very mighty all of a sudden. The river rat bites you.
* * * LOW HITPOINT WARNING * * *
The white imp closely misses you.
You closely miss the river rat. The river rat bites you!
* * * LOW HITPOINT WARNING * * *
The white imp hits you.
You die...

##.#......#.....###.#
#...##.............#
##...#.##..#.#.#####
#.....#........#
#...#...##.###.##
#...#.###...##..#
#...#.##.....##.#
#...###b......#.#
##@rrh5b5._.....#
#.####5......###
#.#####.....##
#.....##...## ####
######...##.## ...#
#....#.......# ##.#
#.##.#.####### ##.#
######.##...# ##.#
#......######


You could see Eustachio, a river rat, a white imp, a shadow imp, an ufetubus, 2
bats and a rat.

Vanquished Creatures
  Pikel (D:4)
  Blork the orc (D:4)
  A scorpion (D:4)
  A centaur skeleton (D:4)
  An orc wizard (D:4)
  A worker ant (D:4)
  7 adders
  An ooze (D:1)
  An adder skeleton (D:4)
  A worm (D:2)
  4 dart slugs
  2 leopard geckos
  5 orcs
  6 giant cockroaches
  5 goblins
  4 hobgoblins
  3 jackals (D:1)
  6 kobolds
  A quokka (D:2)
  3 bats
  4 frilled lizards
  8 rats
67 creatures vanquished.

Notes
Turn   | Place    | Note
-------+----------+-------------------------------------------
     0 | D:1      | kuniqs the Vine Stalker Fighter began the quest for the Orb.
     0 | D:1      | Reached XP level 1. HP: 11/11 MP: 2/2
   225 | D:1      | Reached XP level 2. HP: 11/16 MP: 3/3
   492 | D:1      | Reached XP level 3. HP: 13/19 MP: 4/4
  1152 | D:2      | Reached skill level 1 in Dodging
  1152 | D:2      | Gained mutation: Your natural rate of healing is unusually fast. [Vine Stalker growth]
  1152 | D:2      | Reached XP level 4. HP: 15/23 MP: 5/5
  1521 | D:2      | Found a shimmering altar of Xom.
  1522 | D:2      | Found a hazy altar of Hepliaklqana.
  1522 | D:2      | Noticed a thorn hunter
  1523 | D:2      | Noticed a thorn hunter
  1523 | D:2      | Noticed a spectral ugly thing
  1809 | D:3      | Found a stormy altar of Qazlal.
  1825 | D:3      | Found a sacrificial altar of Ru.
  2059 | D:3      | Reached XP level 5. HP: 28/28 MP: 6/6
  2537 | D:4      | Found a staircase to the Ecumenical Temple.
  2544 | Temple   | Entered the Ecumenical Temple
  2601 | Temple   | Became a worshipper of Uskayaw the Reveler
  2772 | D:4      | Noticed a slave
  2773 | D:4      | Noticed Pikel
  2773 | D:4      | Noticed a slave
  2774 | D:4      | Noticed a slave
  2774 | D:4      | Noticed a slave
  2787 | D:4      | Reached * piety under Uskayaw
  2796 | D:4      | Reached ** piety under Uskayaw
  2799 | D:4      | Reached *** piety under Uskayaw
  2800 | D:4      | Killed Pikel
  2800 | D:4      | Reached skill level 1 in Invocations
  2800 | D:4      | Reached XP level 6. HP: 30/33 MP: 6/8
  2800 | D:4      | Reached XP level 7. HP: 34/37 MP: 6/9
  3003 | D:4      | Noticed Blork the orc
  3021 | D:4      | Killed Blork the orc
  3052 | D:4      | Found a white marble altar of Elyvilon.
  3368 | D:4      | Noticed Eustachio
  3448 | D:3      | HP: 1/37 [river rat[Eustachio] (7)]
  3448 | D:3      | Slain by a white imp

Vault maps used:
D:1:      lightli_arrival_maybe_door_vault, chequers_big_river
D:2:      regret_index_temple_of_mockery
D:3:      nicolae_ru_sacrificial_ziggurat, lemuel_round_altar
D:4:      marbit_many_paths, minmay_temple_entry_trees, first_bread,
          uniq_eustachio, uniq_blork_the_orc, uniq_pikel
Temple:   regret_index_temple_waves

Skill      XL: |  1  2  3  4  5  6  7 |
---------------+----------------------+-----
Short Blades   | 2 3 |  3.4
Shields        | 3 4 |  4.1
Dodging        | 1 2 |  2.6
Armour         | 3 4 |  4.0
Fighting       | 3 4 |  4.1
Invocations    | 1 2 |  2.2

Action                   |  1- 3 |  4- 6 |  7- 9 || total
-------------------------+-------+-------+-------++-------
Melee: Rapier            |    78 |   136 |    56 ||   270
       Bite              |    21 |    43 |    15 ||    79
       Unarmed           |       |       |    23 ||    23
  Use: Scroll            |       |     1 |       ||     1
       Potion            |       |       |     1 ||     1
 Stab: Paralysed         |       |     1 |       ||     1
  Eat: Chunk             |     1 |     4 |       ||     5
       Bread ration      |       |       |     1 ||     1
Armor: Scale mail        |    15 |       |       ||    15
       Chain mail        |    16 |    59 |    31 ||   106
       Skin              |       |       |     5 ||     5
Dodge: Dodged            |    15 |    22 |    34 ||    71
Block: Shield            |    28 |    49 |    26 ||   103
